 Dungeon Crawl Stone Soup version 0.23-a0-175-g97aacdb (webtiles) character file.

1142 Inarius the Skirmisher (level 8, -10/65 HPs)
             Began as a Mummy Fighter on Sept 16, 2018.
             Killed by divine providence
             ... invoked by an orc priest
              (14 damage)
             ... on level 5 of the Dungeon.
             The game lasted 00:07:15 (5592 turns).

Inarius the Skirmisher (Mummy Fighter)              Turns: 5592, Time: 00:07:16

Health: -10/65     AC: 10    Str: 22    XL:     8   Next: 15%
Magic:  8/8        EV:  7    Int:  7    God:
Gold:   191        SH: 10    Dex: 11    Spells: 7/7 levels left

rFire    x . .     SeeInvis .   a - +0 long sword
rCold    + . .     Gourm    .   c - +0 shield
rNeg     + + +     Faith    .   b - +0 scale mail
rPois    ∞         Spirit   .   j - +2 helmet
rElec    .         Reflect  .   (no cloak)
rCorr    .         Harm     .   (no gloves)
MR       +....                  (no boots)
Stlth    ..........             (no amulet)
HPRegen  0.20/turn              (no ring)
MPRegen  0.11/turn              (no ring)

@: no status effects
A: no food or potions, fire vulnerability, cold resistance 1, negative energy
resistance 3, torment resistance, unbreathing
a: no special abilities


You were on level 5 of the Dungeon.
You were not hungry.

You visited 1 branch of the dungeon, and saw 6 of its levels.

You collected 191 gold pieces.

Inventory:

Hand Weapons
 a - a +0 long sword (weapon)
Armour
 b - a +0 scale mail (worn)
 c - a +0 shield (worn)
 j - a +2 helmet (worn)
Scrolls
 d - a scroll of identify
 e - a scroll of enchant armour
 f - 3 scrolls of remove curse
 g - a scroll of noise
 h - 2 scrolls of magic mapping
 l - a scroll of random uselessness
 n - 3 scrolls of teleportation {unknown}
 o - a scroll of enchant weapon
 q - a scroll of amnesia
 r - a scroll of blinking {unknown}


   Skills:
 * Level 6.6 Fighting
 - Level 1.5 Long Blades
 + Level 0.5 Throwing
 + Level 5.1 Armour
 + Level 5.0 Shields


You had 7 spell levels left.
You didn't know any spells.
Your spell library was empty.

Dungeon Overview and Level Annotations

Branches:
Dungeon (6/15)
 Temple: D:4-7

Altars:
Okawaru
Yredelemnul

Annotations:
D:4 3 runed doors, derval's ghost, novice GnTm


Innate Abilities, Weirdness & Mutations

You do not eat or drink.
Your flesh is vulnerable to fire.
You are immune to poison.
Your flesh is cold resistant. (rC+)
You are immune to negative energy. (rN+++)
You are immune to unholy pain and torment.
You can survive without breathing.


Message History

You hit the orc priest.
The orc priest is almost dead.
The orc priest mumbles some strange prayers to Beogh against you.
Beogh smites you!
* * * LOW HITPOINT WARNING * * *
The orc priest invokes the aid of Beogh against you.
Beogh smites you!
* * * LOW HITPOINT WARNING * * *
As you read the scroll of fear, it crumbles to dust.
You assume a fearsome visage.
The orc priest looks frightened!
Firing (i - inventory) No suitable missiles.
Press: ? - help, Shift-Dir - straight line, f - orc priest
Aim: an orc priest, wielding a mace of protection and wearing a chain mail
Okay, then.
You closely miss the orc priest.
The orc priest is almost dead.
You see here a ruby potion.
The orc priest invokes the aid of Beogh against you.
Beogh smites you!
You die...

#########..#.#
#...........#
##.#.#
#############
#...# ##..####
#.....#
####....#
######
#....>..#
....<#
#.###...#
###########.#
#.@.#
.........##.#
#.!.#
########.##.#
#...#
.)..........#
#..o#
............#
#...#
>...........#
#...#
............#
#...#####
...........##
#.......#
...........#
##......#


You could see an orc priest (fleeing).

Vanquished Creatures
  3 ogres
  2 centaurs (D:5)
  2 bullfrogs
  A scorpion (D:5)
  A crimson imp (D:5)
  A centaur zombie (D:4)
  4 hounds
  4 orc wizards
  A worker ant (D:4)
  A hound zombie (D:5)
  6 adders
  4 gnolls
  A howler monkey skeleton (D:4)
  An ooze (D:4)
  An adder skeleton (D:4)
  5 worms
  2 dart slugs
  4 leopard geckos
  11 orcs
  2 ball pythons
  8 bats
  2 giant cockroaches (D:3)
  2 goblins
  8 hobgoblins
  4 jackals (D:2)
  3 quokkas
  5 frilled lizards
  9 kobolds
  A leopard gecko zombie (D:5)
  A quokka skeleton (D:4)
  A quokka zombie (D:5)
  5 rats
106 creatures vanquished.

Vanquished Creatures (others)
  A fungus (D:4)
  3 plants (D:4)
4 creatures vanquished.

Grand Total: 110 creatures vanquished

Notes
Turn   | Place    | Note
-------+----------+-------------------------------------------
     0 | D:1      | Inarius the Mummy Fighter began the quest for the Orb.
     0 | D:1      | Reached XP level 1. HP: 18/18 MP: 1/1
   161 | D:1      | Reached XP level 2. HP: 24/24 MP: 2/2
   808 | D:2      | Reached XP level 3. HP: 21/29 MP: 3/3
  1491 | D:2      | Reached XP level 4. HP: 34/37 MP: 4/4
  1590 | D:2      | Reached skill level 4 in Fighting
  2003 | D:3      | Found a basalt altar of Yredelemnul.
  2650 | D:2      | Reached XP level 5. HP: 42/42 MP: 5/5
  3218 | D:4      | Noticed an ogre
  3229 | D:4      | Killed an ogre
  3234 | D:4      | Reached XP level 6. HP: 45/49 MP: 6/6
  3566 | D:4      | Reached skill level 5 in Fighting
  3821 | D:4      | Found a runed gate.
  3830 | D:4      | Found a runed gate.
  3830 | D:4      | Found a runed gate.
  3830 | D:4      | Noticed derval's ghost (novice GnTm)
  4334 | D:5      | Entered Level 5 of the Dungeon
  4354 | D:5      | Reached XP level 7. HP: 50/56 MP: 7/7
  4865 | D:5      | Reached skill level 6 in Fighting
  4970 | D:5      | Found an iron altar of Okawaru.
  5392 | D:6      | Reached skill level 5 in Armour
  5392 | D:6      | Reached XP level 8. HP: 48/65 MP: 8/8
  5409 | D:6      | Reached skill level 5 in Shields
  5585 | D:5      | HP: 2/65 [orc priest/divine providence (13)]
  5592 | D:5      | Killed from afar by an orc priest

Vault maps used:
D:1:      eino_arrival_druids_welcome
D:3:      first_ration, yredelemnul_altar_generic
D:4:      gammafunk_ghost_nasty_kobolds
D:5:      okawaru_ov_weapons_minmay
D:6:      minmay_temple_entry_glass, basic_altar, serial_shops,
          kennysheep_mini_moat, roderic_roman_lattice, minivault_5,
          minmay_strange_pillars, nrook_pool_corridor, sigmund_army

Skill      XL: |  1  2  3  4  5  6  7  8 |
---------------+-------------------------+-----
Shields        | 3 4 5 |  5.0
Fighting       | 4 5 6 |  6.6
Armour         | 3 4 5 |  5.1
Long Blades    | |  1.5
Throwing       | |  0.5

Action                   |  1- 3 |  4- 6 |  7- 9 || total
-------------------------+-------+-------+-------++-------
Melee: Long sword        |   145 |   254 |   153 ||   552
Throw: Javelin           |       |     1 |     7 ||     8
       Throwing net      |       |     1 |       ||     1
  Use: Scroll            |       |     8 |     3 ||    11
Armor: Scale mail        |    94 |   135 |    84 ||   313
Dodge: Dodged            |    88 |   106 |    35 ||   229
Block: Shield            |   102 |   172 |    79 ||   353
       Rpst.: Long sword |    30 |    27 |    11 ||    68

Table legend:
 A = Non-vault XP
 B = Vault XP
 C = Vault XP percentage of total XP
 D = Non-vault monster count
 E = Vault monster count
 F = Vault count percentage of total count
                 A         B        C        D         E       F
            +---------+---------+-------+---------+---------+-------
      Total |    1632 |       0 |   0.0 |     106 |       0 |   0.0
            +---------+---------+-------+---------+---------+-------
        D:1 |      30 |       0 |   0.0 |      17 |       0 |   0.0
        D:2 |     128 |       0 |   0.0 |      27 |       0 |   0.0
        D:3 |      73 |       0 |   0.0 |      20 |       0 |   0.0
        D:4 |     470 |       0 |   0.0 |      22 |       0 |   0.0
        D:5 |     662 |       0 |   0.0 |      14 |       0 |   0.0
        D:6 |     269 |       0 |   0.0 |       6 |       0 |   0.0
            +---------+---------+-------+---------+---------+-------
